 Dungeon Crawl Stone Soup version 0.27.1-33-g824d729ab1 (webtiles) character file.

Game seed: 2052164635353672473

172 hilljack the Digger (level 5, -10/28 HPs)
             Began as a Gargoyle Earth Elementalist on Nov 26, 2021.
             Was an Initiate of Hepliaklqana.
             Mangled by Edmund (11 damage)
             ... on level 3 of the Dungeon.
             The game lasted 00:09:58 (3744 turns).

hilljack the Digger (Gargoyle Earth Elementalist)   Turns: 3744, Time: 00:09:58

Health: -10/28     AC: 10    Str: 11    XL:     5   Next: 53%
Magic:  5/9        EV: 10    Int: 23    God:    Hepliaklqana [......]
Gold:   252        SH:  4    Dex: 10    Spells: 4/10 levels left

rFire    . . .     SeeInvis .   s - +2 dagger (venom)
rCold    . . .     Faith    .   g - +0 buckler
rNeg     + . .     Spirit   .   l - +0 ring mail
rPois    ∞         Reflect  .   h - +0 helmet
rElec    +         Harm     .   (no cloak)
rCorr    .         Rampage  .   (no gloves)
Will     .....                  (no boots)
Stlth    +.........             (no amulet)
HPRegen  0.09/turn              j - +4 ring of slaying
MPRegen  0.11/turn              b - +6 ring of intelligence

@: very slightly contaminated, invisible
A: sickness immunity, AC +4, negative energy resistance 1, electricity
resistance, torment resistance 1, petrification resistance
a: Renounce Religion


You were on level 3 of the Dungeon.
You worshipped Hepliaklqana.
Hepliaklqana was noncommittal.
You visited 2 branches of the dungeon, and saw 5 of its levels.

You collected 252 gold pieces.

Inventory:

Hand Weapons
 p - a +0 trident
 r - a +1 flail of draining
 s - a +2 dagger of venom (weapon)
Missiles
 c - 109 stones
Armour
 g - a +0 buckler (worn)
 h - a +0 helmet (worn)
 l - a +0 ring mail (worn)
Jewellery
 b - a +6 ring of intelligence (right hand)
 j - a +4 ring of slaying (left hand)
Potions
 a - 2 potions of curing
 e - a potion of berserk rage {unknown}
 i - 2 potions of attraction {unknown}
 k - a potion of lignification {unknown}
 m - a potion of brilliance {unknown}
 o - a potion of mutation {unknown}
 t - a potion of flight {unknown}


   Skills:
 - Level 1.5 Dodging
 - Level 2.1 Stealth
 + Level 2.0 Shields
 + Level 3.1 Spellcasting
 + Level 2.2 Transmutations
 + Level 4.9 Earth Magic


You had 4 spell levels left.
You knew the following spells:

 Your Spells              Type           Power      Damage    Failure   Level
a - Sandblast             Erth           52%        2d12      4%          1
b - Passwall              Tmut/Erth      16%        N/A       13%         2
c - Stone Arrow           Conj/Erth      28%        3d8       38%         3

Your spell library contained the following spells:

 Spells                   Type           Power      Damage    Failure   Level
 Corona                   Hex            3%         N/A       36%         1
 Ensorcelled Hibernation  Hex/Ice        6%         N/A       50%         2
 Petrify                  Tmut/Erth      20%        N/A       63%         4
 Ozocubu's Armour         Ice            3%         N/A       73%         3
 Tukima's Dance           Hex            3%         N/A       73%         3
 Metabolic Englaciation   Hex/Ice        1%         N/A       100%        5
 Simulacrum               Ice/Necr       1%         N/A       100%        6


Dungeon Overview and Level Annotations

Branches:
Dungeon (4/15)             Temple (1/1) D:4

Altars:
Ashenzari
Dithmenos
Elyvilon
Hepliaklqana
Makhleb
Nemelex Xobeh
Qazlal
Sif Muna
Trog
Uskayaw
Vehumet
Wu Jian
Xom
Yredelemnul

Shops:
D:3 =

Annotations:
D:3 2 transporters, 3 runed translucent doors, Edmund; Egil's ghost, amateur DrFi; zeram's ghost, amateur HOFi


Innate Abilities, Weirdness & Mutations

You are immune to sickness and miasma.
Your stone body is resilient. (AC +4)
You are immune to poison.
You resist negative energy. (rN+)
You are resistant to electric shocks. (rElec)
You are resistant to unholy torment.
You are immune to petrification.


Message History

Edmund is moderately wounded.
Edmund hits you with a +6 dire flail of protection!
Ouch! That really hurt!
Aiming: Sandblast (safe; 4% risk of failure)
Press: ? - help, Q - select action, (/) - cycle Shift-Dir - straight line, f/p - Edmund
Aim: Edmund, wielding a +6 dire flail of protection and wearing a +0 ring mail (moderately wounded, very poisoned, 83% to hit)
The blast of sand hits Edmund.
Edmund is moderately wounded.
Edmund hits you with a +6 dire flail of protection!
* * * LOW HITPOINT WARNING * * *
Okay, then.
You aren't carrying any scrolls.
There is a stone staircase leading up here.
Edmund hits you but does no damage.
You climb upwards.
Level annotation: 2 transporters, 3 runed translucent doors, Egil's ghost, amateur DrFi; zeram's ghost, amateur HOFi
There is a stone staircase leading down here.
There is an open door here.
Zeram's ghost takes a fighting stance.
There is an open door here.
Edmund looks more healthy.
Aiming: Sandblast (safe; 4% risk of failure)
Press: ? - help, Q - select action, (/) - cycle Shift-Dir - straight line, f - Edmund
Aim: Edmund, wielding a +6 dire flail of protection and wearing a +0 ring mail (almost dead, 83% to hit)
You miscast Sandblast.
Nothing appears to happen.
Edmund hits you with a +6 dire flail of protection.
* * * LOW HITPOINT WARNING * * *
Aiming: Sandblast (safe; 4% risk of failure)
Press: ? - help, Q - select action, (/) - cycle Shift-Dir - straight line, f/p - Edmund
Aim: Edmund, wielding a +6 dire flail of protection and wearing a +0 ring mail (almost dead, 83% to hit)
The blast of sand hits Edmund.
Edmund is almost dead.
You block Edmund's attack.
Aiming: Sandblast (safe; 4% risk of failure)
Press: ? - help, Q - select action, (/) - cycle Shift-Dir - straight line, f/p - Edmund
Aim: Edmund, wielding a +6 dire flail of protection and wearing a +0 ring mail (almost dead, 83% to hit)
The blast of sand hits Edmund but does no damage.
Edmund is almost dead.
Edmund hits you with a +6 dire flail of protection!
You die...

#.# #....# #.._..# #.
#†# #....####...######.
#.####...###.......##...
#.........##.#+++#.####.
######....##.#...#.####.
#....'..#W$$#..'>..
#...##############.
#.@.## ### #. #.@..###.#
#. ##...#.##.# #.
#....##...###### #.
##.............####.
#..####.©.####...##.
##.##..##### .###..#.
#..#.....W$..#. ##.#.
#.##.##..=###... #.#.
#.#.....#.....#.##...


You could see Edmund.

Vanquished Creatures
  A water moccasin skeleton (D:3)
  A jelly (D:4)
  An adder (D:3)
  An adder zombie (D:3)
  4 dart slugs
  4 orcs (D:3)
  10 ball pythons
  4 endoplasms
  4 giant cockroaches
  4 goblins
  7 hobgoblins
  7 kobolds
  3 quokkas
  7 bats
  4 frilled lizards
  A jackal zombie (D:3)
  4 rats
67 creatures vanquished.

Vanquished Creatures (others)
  5 fungi (D:3)
5 creatures vanquished.

Grand Total: 72 creatures vanquished

Notes
Turn   | Place    | Note
-------+----------+-------------------------------------------
     0 | D:1      | hilljack the Gargoyle Earth Elementalist began the quest
                  | for the Orb.
     0 | D:1      | Reached XP level 1. HP: 10/10 MP: 3/3
    49 | D:1      | Reached skill level 1 in Transmutations
    92 | D:1      | Reached XP level 2. HP: 11/15 MP: 1/5
   271 | D:1      | Reached skill level 4 in Earth Magic
   609 | D:1      | Found a faded altar of an unknown god.
   657 | D:1      | Reached XP level 3. HP: 17/19 MP: 4/6
  1892 | D:3      | Reached skill level 1 in Shields
  1975 | D:3      | Found Jucelet's Jewellery Shop.
  1977 | D:3      | Found a transporter.
  1997 | D:3      | Found a hazy altar of Hepliaklqana.
  2014 | D:3      | Became a worshipper of Hepliaklqana the Forgotten
  2023 | D:3      | Reached XP level 4. HP: 24/24 MP: 7/7
  2070 | D:3      | Found a shimmering blue altar of Sif Muna.
  2233 | D:3      | Learned a level 2 spell: Passwall
  2237 | D:3      | Learned a level 3 spell: Stone Arrow
  2269 | D:3      | Found a radiant altar of Vehumet.
  2488 | D:3      | Reached XP level 5. HP: 25/28 MP: 9/9
  2578 | D:3      | Found an ornate altar of the Wu Jian Council.
  2607 | D:3      | Identified a scroll of acquirement
  2764 | D:3      | Acquired a +6 ring of intelligence
  2779 | D:3      | Noticed Egil's ghost (amateur DrFi)
  2793 | D:3      | Found a transporter.
  2798 | D:3      | Found a runed translucent gate.
  2877 | D:3      | Found a runed translucent gate.
  2877 | D:3      | Found a runed translucent gate.
  2877 | D:3      | Noticed zeram's ghost (amateur HOFi)
  2878 | D:3      | Found a basalt altar of Yredelemnul.
  2980 | D:4      | Noticed Edmund
  3251 | D:4      | Found a staircase to the Ecumenical Temple.
  3257 | Temple   | Entered the Ecumenical Temple
  3742 | D:3      | HP: 1/28 [Edmund (4)]
  3744 | D:3      | Mangled by Edmund

Illustrated notes

Levels and vault maps discovered:
D:1:      onia_arrival_handbag, layout_loops_cross,
          hellmonk_ecumenical_altar_crossroads, minmay_unequal
D:2:      layout_rooms
D:3:      layout_loops_ring, nicolae_yredelemnul_ghost_church,
          nicolae_sif_muna_condensation, lemuel_round_altar,
          amcnicky_altar_gilded, mainiacjoe_overflow_boulevard, serial_shops,
          nicolae_shop_stone, gammafunk_ghost_stat_death
D:4:      minmay_general_purpose_star, layout_gridville,
          minmay_temple_entry_ruins, uniq_crazy_yiuf_cottage, uniq_natasha,
          uniq_edmund
Temple:   compressed_dpeg_triangle_lava_temple

Skill      XL: |  1  2  3  4  5 |
---------------+----------------+-----
Transmutations | 1 2 |  2.2
Earth Magic    | 4 |  4.9
Shields        | 1 2 |  2.0
Spellcasting   | 3 |  3.1
Dodging        | |  1.5
Stealth        | |  2.1

Action                   |  1- 3 |  4- 6 || total
-------------------------+-------+-------++-------
Melee: Hand axe          |    60 |       ||    60
       Trident           |     3 |       ||     3
       Flail             |       |    41 ||    41
       Dagger            |       |    24 ||    24
 Cast: Sandblast         |    33 |     6 ||    39
  Use: Scroll            |       |     7 ||     7
       Potion            |       |     1 ||     1
 Stab: Sleeping          |     1 |       ||     1
       Invisible         |       |     1 ||     1
Armor: Robe              |    21 |       ||    21
       Ring mail         |    13 |    43 ||    56
Dodge: Dodged            |    53 |    27 ||    80
Block: Buckler           |     6 |    14 ||    20
